 Dungeon Crawl Stone Soup version 0.25-b1-23-ge2ad7d536c (webtiles) character file.

Game seed: 9088189904492481045, levelgen mode: deterministic

65 HoaS the Shield-Bearer (level 4, -1/29 HPs)
             Began as a Gargoyle Fighter on June 1, 2020.
             Slain by a gnoll
             ... wielding a +0 spear
              (2 damage)
             ... on level 2 of the Dungeon.
             The game lasted 00:03:11 (1062 turns).

HoaS the Shield-Bearer (Gargoyle Fighter)           Turns: 1062, Time: 00:03:11

Health: -1/29      AC: 10    Str: 21    XL:     4   Next: 14%
Magic:  4/4        EV:  7    Int:  8    God:
Gold:   65         SH:  9    Dex:  9    Spells: 3/3 levels left

rFire    . . .     SeeInvis .   a - +0 flail
rCold    . . .     Gourm    .   c - +0 kite shield
rNeg     + . .     Faith    .   b - +0 scale mail
rPois    ∞         Spirit   .   (no helmet)
rElec    +         Reflect  .   (no cloak)
rCorr    .         Harm     .   (no gloves)
MR       .....                  (no boots)
Stlth    ..........             (no amulet)
HPRegen  0.09/turn              (no ring)
MPRegen  0.09/turn              (no ring)

@: mighty
A: negative energy resistance 1, electricity resistance, unbreathing,
petrification resistance, rot immunity, AC +3
a: no special abilities


You were on level 2 of the Dungeon.
You were not hungry.

You visited 1 branch of the dungeon, and saw 2 of its levels.

You collected 65 gold pieces.

Inventory:

Hand Weapons
 a - a +0 flail (weapon)
Armour
 b - a +0 scale mail (worn)
 c - a +0 kite shield (worn)
Jewellery
 j - an uncursed ring of protection from magic {unknown}
 m - a +6 ring of intelligence {unknown}
Scrolls
 h - a scroll of remove curse {unknown}
 i - a scroll of noise {unknown}
 k - a scroll of identify {unknown}
Potions
 e - a potion of brilliance {unknown}
 l - a potion of experience {unknown}
Comestibles
 f - a ration
 g - a chunk of flesh


   Skills:
 + Level 3.8 Fighting
 * Level 3.1 Maces & Flails
 - Level 3.2 Armour
 * Level 4.2 Shields


You had 3 spell levels left.
You didn't know any spells.
Your spell library was empty.

Dungeon Overview and Level Annotations

Branches:
Dungeon (2/15)

Altars:


Innate Abilities, Weirdness & Mutations

You are resistant to torment.
Your stone body is resilient. (AC +3)
You are immune to poison.
You resist negative energy. (rN+)
You are resistant to electric shocks. (rElec)
You can survive without breathing.
You are immune to petrification.
You are immune to rotting.


Message History

You sock the gnoll!
The gnoll is almost dead.
The gnoll hits you but does no damage. You block the gnoll's attack.
The gnoll hits you but does no damage. You block the gnoll's attack.
You hit the gnoll.
You kill the gnoll!
You have reached level 4!
You feel stronger.
The gnoll hits you from afar with a +0 spear.
* * * LOW HITPOINT WARNING * * *
You block the gnoll's attack.
You see here a +0 spear.
You thump the gnoll!
The gnoll is severely wounded.
The gnoll hits you with a +0 spear.
* * * LOW HITPOINT WARNING * * *
You hit the gnoll.
The gnoll is severely wounded.
You block the gnoll's attack. The gnoll hits you with a +0 spear.
You die...

# .## # ..# # #.#
# #.# ###### ##.##
#..... .g. ...####
#g# # #@# # #)#
### # #.# #.. ...
.. #.# #.# #.# ###
#.# #.# #.######
#.# #.# #.##....
#.# #.# #.##.#..
#.# #.# #.##.#.#
#.#####.###.##.#.#


You could see 2 gnolls.

Vanquished Creatures
  A gnoll shaman (D:2)
  A gnoll (D:2)
  A dart slug (D:1)
  A ball python (D:1)
  A goblin (D:1)
  7 hobgoblins
  3 jackals (D:2)
  4 bats
  A frilled lizard (D:1)
  4 kobolds (D:1)
  2 rats (D:1)
26 creatures vanquished.

Notes
Turn   | Place    | Note
-------+----------+-------------------------------------------
     0 | D:1      | HoaS the Gargoyle Fighter began the quest for the Orb.
     0 | D:1      | Reached XP level 1. HP: 14/14 MP: 1/1
   156 | D:1      | Reached XP level 2. HP: 19/19 MP: 2/2
   945 | D:2      | Reached XP level 3. HP: 23/23 MP: 3/3
  1048 | D:2      | Reached skill level 4 in Shields
  1059 | D:2      | Reached XP level 4. HP: 3/29 MP: 4/4
  1061 | D:2      | HP: 1/29 [gnoll/+0 spear (1)]
  1062 | D:2      | Slain by a gnoll

Illustrated notes

Levels and vault maps discovered:
D:1:      ncdulo_watergridlock, layout_loops_ring, grunt_decor_resistance,
          minmay_liquid_box
D:2:      layout_loops_ring

Skill      XL: |  1  2  3 |
---------------+----------+-----
Maces & Flails | 3 |  3.1
Shields        | 4 |  4.2
Fighting       | |  3.8
Armour         | |  3.2

Action                   |  1- 3 |  4- 6 || total
-------------------------+-------+-------++-------
Melee: Flail             |   110 |     2 ||   112
  Use: Potion            |     1 |       ||     1
  Eat: Chunk             |     1 |       ||     1
Armor: Scale mail        |    66 |       ||    66
Dodge: Dodged            |    34 |       ||    34
Block: Kite shield       |    69 |     2 ||    71
